AoeStats
← Sim90

Arabian Desert

508827225Analyzed
1v1 RM · 8d ago on Sep 24, 2026· 78m 11s· 2 players
Game mode
Random Map
Map size
Tiny (2 player)
Population
200
Speed
Normal
Resources
Standard
Victory
Conquest
Starting age
Dark Age
Ending age
Imperial Age
RankedLock teamsTeams togetherTeam positionsShared explorationLock speedFull tech treeHidden civsTurbo modeCheats
Victory
Defeat
🇦🇺 Cumans · Australia
838
+17
🇨🇭 Teutons · Switzerland
855
-17
Sim90
6:51 Loom
9:59 Feudal Age
11:17 Double-Bit Axe
12:59 Town Watch
23:55 Castle Age
23:04 Wheelbarrow
26:57 Capped Ram
43:48 Imperial Age
41:25 Fletching
41:36 Padded Archer Armor
41:55 Steppe Husbandry
43:32 Bodkin Arrow
43:53 Leather Archer Armor
45:17 Murder Holes
47:33 Ring Archer Armor
47:29 Ballistics
49:10 Chemistry
48:18 Thumb Ring
52:24 Elite Kipchak
54:42 Forging
54:37 Scale Barding Armor
58:17 Horse Collar
62:17 Spies/Treason
66:46 Fervor
69:42 Sanctity
dominik1
6:52 Loom
9:26 Feudal Age
10:48 Town Watch
11:04 Double-Bit Axe
12:12 Horse Collar
20:00 Scale Mail Armor
25:17 Castle Age
26:56 Forging
32:32 Squires
39:40 Bow Saw
45:13 Imperial Age
42:59 Gold Mining
48:38 Ballistics
51:52 Chemistry
52:29 Heavy Plow
52:49 Masonry
Connection lost

Rejoining the realm…

Still unreachable

The connection could not be restored.

Session expired

The server has moved on; the page needs a fresh start.